Selects Airborne Battlegroup
Mechanized Support Center
Construct Weapon Support Center
M3 Armored Personnel Carrier
M3 Armored Personnel Carrier
M3 Armored Personnel Carrier
M3 Armored Personnel Carrier
Designate Forward Repair Station
M3 Armored Personnel Carrier
M3 Armored Personnel Carrier
Selects Paratrooper Squad Paradrop
Paratrooper Squad Paradrop
M3 Armored Personnel Carrier
Designate Forward Repair Station
M3 Armored Personnel Carrier
Selects Dual P-47 Rocket Strike
Paratrooper Squad Paradrop
Designate Forward Repair Station
Paratrooper Squad Paradrop
M3 Armored Personnel Carrier
M3 Armored Personnel Carrier
M3 Armored Personnel Carrier
M3 Armored Personnel Carrier
Designate Forward Repair Station
Paratrooper Squad Paradrop
Selects Anti-tank Gun Team Paradrop
M3 Armored Personnel Carrier